[Event "*** Titled Tuesday Blitz"]
[Site "Chess.com"]
[Date "2018.08.07"]
[Round "3"]
[White "Zhuu96"]
[Black "Antifish7"]
[Result "1-0"]
[WhiteElo "2828"]
[BlackElo "2411"]
[TimeControl "180+2"]
[EndTime "13:32:30 PDT"]
[Termination "Zhuu96 won by resignation"]

1. e4 c5 2. Nf3 d6 3. d4 cxd4 4.
Nxd4 Nf6 5. Nc3 a6 6. Be2 e5 7.
Nb3 Be7 8. O-O Be6 9. Qd3 O-O 10. Nd5 Bxd5 11. exd5 Nbd7 12. c4 Rc8 13. Bd2 b6 14. Rac1 Nc5 15. Nxc5 bxc5 16. a3 Nd7 17. b4 f5 18. Qh3 e4 19. f4 Bf6 20. Kh1 Bd4 21. b5 Ra8 22. Qb3 Re8 23. a4 a5 24. Qh3 Qf6 25. g4 Nb6 26. gxf5 Nxa4 27. Be1 Nb6 28. Bh4 Qf8 29. Bh5 Reb8 30. Rg1 a4 31. Bg6 h6 32.
Bg5 Kh8 33. f6 Bxf6 34. Bxe4 Bxg5 35. fxg5 Re8 36. Rcf1 Qe7 37. Bd3 Qe3 38. Qf5 1-0

[Event "*** Titled Tuesday Blitz"]
[Site "Chess.com"]
[Date "2018.08.07"]
[Round "3"]
[White "DACF2905"]
[Black "TBergh98"]
[Result "0-1"]
[WhiteElo "2112"]
[BlackElo "2040"]
[TimeControl "180+2"]
[EndTime "13:32:30 PDT"]
[Termination "TBergh98 won by resignation"]

1. e4 Nf6 2. e5 Nd5 3. d4 d6 4. exd6 exd6 5. c4 Nb6 6. Nc3 Be7 7. Be3 Nc6 8. Nf3 O-O 9. Be2 Bf6 10. O-O Bg4 11.
b3 d5 12. c5 Nc8 13. h3 Bh5 14. Re1 Bg6 15. Rc1 N8e7 16. a3 Nf5 17. b4 Re8 18. Bf1 a6 19. Qd2 Nh4 20. Nxh4 Bxh4 21. Ne2 Rxe3 22.
Qxe3 Bg5 23. f4 Bh4 24. g3 Bf6 25. Qd2 Qd7 26. a4 Re8 27. b5 axb5 28. axb5 Ne7 29.
Nc3 c6 30. g4 Be4 31. Nxe4 dxe4 32. Rxe4 Rd8 33. g5 Bxd4+ 34. Kg2 Qd5 35. Qe2 Ng6 36. Kh2 Bxc5 37. bxc6 bxc6 38. Re8+ Rxe8 39. Qxe8+ Bf8 40. Bg2 Qd2 41. Qxc6 Qxf4+ 42. Kh1 Qxg5 43. Qd5 Qxc1+ 0-1

[Event "*** Titled Tuesday Blitz"]
[Site "Chess.com"]
[Date "2018.08.07"]
[Round "3"]
[White "advantageLucy"]
[Black "PaulfromSPb"]
[Result "0-1"]
[WhiteElo "2481"]
[BlackElo "2573"]
[TimeControl "180+2"]
[EndTime "13:32:36 PDT"]
[Termination "PaulfromSPb won by checkmate"]

1. e4 c5 2. Nf3 d6 3. d4 cxd4 4. Qxd4 a6 5. c4 Nc6 6. Qe3 g6 7. Be2 Bg7 8. h3 Nf6 9. O-O O-O 10. Rd1 Nd7 11. Nc3 Nc5 12. Bd2 f5 13. exf5 Bxf5 14. Rac1 e5 15. g4 Bd7 16. Ne4 Nd4 17. Bc3 Bc6 18.
Nxc5 Nxf3+ 19. Bxf3 Rxf3 20. Qe2 Rxh3 21. Ne4 Qh4 22.
f3 Rh1+ 23. Kg2 Qh2# 0-1

[Event "*** Titled Tuesday Blitz"]
[Site "Chess.com"]
[Date "2018.08.07"]
[Round "3"]
[White "GM_dmitrij"]
[Black "bilelou"]
[Result "1-0"]
[WhiteElo "2698"]
[BlackElo "2399"]
[TimeControl "180+2"]
[EndTime "13:32:45 PDT"]
[Termination "GM_dmitrij won by checkmate"]

1. e4 c5 2. Nf3 Nc6 3. Bb5 Qc7 4. Nc3 Nf6 5. O-O e5 6. d3 Be7 7.
Bg5 O-O 8. a3 d6 9. Bc4 Be6 10.
Nd5 Qd8 11. Nxf6+ Bxf6 12. Bxe6 fxe6 13. Be3 b6 14. c3 d5 15. Qa4 Qd7 16. Rae1 a6 17.
Qc2 d4 18. Bc1 b5 19. cxd4 Nxd4 20. Nxd4 cxd4 21. Bd2 Rac8 22. Qb3 Rc6 23. Rc1 Rfc8 24. g3 h5 25. h4 Kh7 26. Kg2 Rxc1 27. Rxc1 Rxc1 28. Bxc1 a5 29. Bd2 a4 30. Qc2 Be7 31.
Bb4 Bxb4 32. axb4 Kg6 33. Qc5 Kf6 34. Qf8+ Kg6 35. Qc5 Kf6 36. f3 g6 37. g4 hxg4 38. fxg4 g5 39. Qf8+ Qf7 40. hxg5+ Kg6 41. Qh6# 1-0

[Event "*** Titled Tuesday Blitz"]
[Site "Chess.com"]
[Date "2018.08.07"]
[Round "3"]
[White "muran29"]
[Black "David_Klein"]
[Result "0-1"]
[WhiteElo "2347"]
[BlackElo "2514"]
[TimeControl "180+2"]
[EndTime "13:32:47 PDT"]
[Termination "David_Klein won by resignation"]

1. d4 d6 2. c4 Nf6 3. Nc3 Bf5 4. Nf3 g6 5. Qb3 b6 6. Bg5 Bg7 7. g3 Ne4 8. Nxe4 Bxe4 9. Bg2 Nc6 10. e3 h6 11. Bf4 g5 12. c5 gxf4 13. Ne5 dxe5 14.
Bxe4 Na5 15. Qa4+ Kf8 16. Bxa8 Qxa8 17. O-O-O fxe3 18. fxe3 exd4 19. exd4 Bf6 20. d5 h5 21.
d6 cxd6 22. cxd6 exd6 23. Rhf1 Be5 24. Qd7 Qc6+ 25. Qxc6 Nxc6 26. Kc2 Ke7 27. a3 h4 28.
Rd3 hxg3 29. hxg3 Rh2+ 30. Rd2 Rxd2+ 31. Kxd2 Bxb2 32. a4 Ne5 33. Ke3 Ke6 34. Rb1 Ba3 35. Rh1 Bc5+ 36. Kd2 Kd5 37. Kc3 a5 38. Rd1+ Kc6 39.
Rh1 Bb4+ 40. Kd4 b5 41. axb5+ Kxb5 42. Kd5 a4 43. g4 Nxg4 0-1

[Event "*** Titled Tuesday Blitz"]
[Site "Chess.com"]
[Date "2018.08.07"]
[Round "3"]
[White "rikyshi"]
[Black "Kislov_Oleg"]
[Result "0-1"]
[WhiteElo "2195"]
[BlackElo "2376"]
[TimeControl "180+2"]
[EndTime "13:32:48 PDT"]
[Termination "Kislov_Oleg won on time"]

1. d4 Nf6 2. c4 e6 3. Nc3 d5 4. cxd5 exd5 5. Bg5 Be7 6. Qc2 O-O 7.
e3 c6 8. Bd3 h6 9. Bh4 Re8 10. f3 Nh5 11. Bf2 Bg5 12. Qe2 Nf4 13. Qf1 Qe7 14. O-O-O Nxd3+ 15. Rxd3 Bf5 16. f4 Bxd3 17.
Qxd3 Bf6 18. Nf3 Nd7 19. g4 g6 20. g5 hxg5 21. fxg5 Bxg5 22. Kd2 Bh6 23. Rg1 Qf6 24. Qe2 Re6 25. Bh4 Qf5 26. Rg3 Rxe3 0-1

[Event "*** Titled Tuesday Blitz"]
[Site "Chess.com"]
[Date "2018.08.07"]
[Round "3"]
[White "Haykos"]
[Black "Kimster98"]
[Result "1-0"]
[WhiteElo "2519"]
[BlackElo "2496"]
[TimeControl "180+2"]
[EndTime "13:32:49 PDT"]
[Termination "Haykos won by resignation"]

1. e4 e5 2. Nf3 Nc6 3. Bc4 Nf6 4. d3 Be7 5. O-O O-O 6. c3 d6 7. a4 Na5 8. Ba2 c5 9. b4 cxb4 10. cxb4 Nc6 11. b5 Nb4 12. Bc4 a6 13. Bb2 axb5 14.
axb5 Rxa1 15. Bxa1 d5 16. exd5 Nfxd5 17. Nxe5 Bf6 18.
Nd2 Nf4 19. Ne4 Bxe5 20. Bxe5 Nbxd3 21. Bd6 Nb2 22. Qb3 Nxc4 23. Qxc4 Be6 24. Qc2 Re8 25. Bxf4 Bf5 26. f3 Qd4+ 27. Qf2 Qxf2+ 28. Kxf2 Bxe4 29.
Re1 f5 30. fxe4 fxe4 31. Ke3 Kf7 32. Rc1 Re7 33. b6 Ke6 34. Rc7 Rxc7 35. Bxc7 Kd7 36. Kxe4 1-0

[Event "*** Titled Tuesday Blitz"]
[Site "Chess.com"]
[Date "2018.08.07"]
[Round "3"]
[White "Marreuh"]
[Black "AlanZhang"]
[Result "0-1"]
[WhiteElo "2017"]
[BlackElo "1933"]
[TimeControl "180+2"]
[EndTime "13:32:50 PDT"]
[Termination "AlanZhang won by checkmate"]

1. e4 e5 2. Nf3 Nc6 3. Bc4 Bc5 4. c3 Nf6 5. d3 d6 6. O-O Bb6 7. Nbd2 O-O 8. Re1 h6 9. Nf1 Re8 10. Ng3 Be6 11. Bxe6 Rxe6 12. Nf5 d5 13. exd5 Nxd5 14. d4 exd4 15. Rxe6 fxe6 16. N5xd4 Nxd4 17. Nxd4 Qf6 18. Be3 Nxe3 19. fxe3 e5 20. Qb3+ Kh8 21. Nc2 Rf8 22. h3 Qf2+ 23. Kh2 Qd2 24. Rg1 Rf2 25. Ne1 Bxe3 26.
Qxb7 Rf8 27. Rh1 Bf4+ 28. Kg1 Qxe1# 0-1

[Event "*** Titled Tuesday Blitz"]
[Site "Chess.com"]
[Date "2018.08.07"]
[Round "3"]
[White "champ2005"]
[Black "wonderfultime"]
[Result "0-1"]
[WhiteElo "2713"]
[BlackElo "2844"]
[TimeControl "180+2"]
[EndTime "13:32:54 PDT"]
[Termination "wonderfultime won by resignation"]

1. e4 c5 2. Nf3 d6 3. d4 cxd4 4. Nxd4 Nf6 5. Nc3 g6 6. Be3 Bg7 7. f3 O-O 8. Qd2 Nc6 9. g4 Be6 10. Nxe6 fxe6 11. O-O-O Qc8 12. Be2 Ne5 13. h4 Nc4 14. Bxc4 Qxc4 15. Bh6 Bxh6 16. Qxh6 Qc5 17. Rde1 Qe5 18. Rhf1 Rac8 19. f4 Qd4 20. Rf3 Nxg4 21. Qg5 Ne5 22. Rg3 Nc4 23. Rd1 Qf2 24. h5 Ne3 25.
Rd2 Qe1+ 26. Nd1 Rxc2+ 0-1

[Event "*** Titled Tuesday Blitz"]
[Site "Chess.com"]
[Date "2018.08.07"]
[Round "3"]
[White "Er_is_geen_hoop_meer"]
[Black "GMHess"]
[Result "0-1"]
[WhiteElo "2447"]
[BlackElo "2628"]
[TimeControl "180+2"]
[EndTime "13:33:00 PDT"]
[Termination "GMHess won by resignation"]

1. b4 c6 2. e3 e5 3. a3 Nf6 4.
Bb2 Qc7 5. g4 d5 6. g5 Ne4 7. h4 Nd7 8. d3 Nd6 9. c4 dxc4 10.
dxc4 c5 11. Nc3 Nb6 12. Nd5 Nxd5 13. cxd5 cxb4 14. axb4 Qb6 15. Qb3 Ne4 16. Ba3 a5 17.
b5 a4 18. Qb2 Qa5+ 19. Ke2 Nc3+ 20. Kf3 Bf5 21. Kg2 Rc8 22. Nh3 Be4+ 23. f3 Bxd5 24.
e4 Bb3 25. Bd3 Bxa3 26. Rxa3 Qb4 27. Nf2 O-O 28. Ng4 Nxb5 29. Qxe5 Nxa3 30. Nh6+ Kh8 31. Qf5 Qd2+ 32. Kg3 Qxd3 33. Ng4 Qd6+ 34. Kh3 Be6 0-1

[Event "*** Titled Tuesday Blitz"]
[Site "Chess.com"]
[Date "2018.08.07"]
[Round "3"]
[White "GMCanty"]
[Black "GameOverBro"]
[Result "1-0"]
[WhiteElo "2245"]
[BlackElo "2377"]
[TimeControl "180+2"]
[EndTime "13:33:02 PDT"]
[Termination "GMCanty won by checkmate"]

1. e4 d6 2. d4 Nf6 3. Nc3 e5 4. Nf3 Nbd7 5. Bc4 Be7 6. h3 c6 7.
a4 a5 8. Be3 Qc7 9. Qe2 h6 10.
g4 Nf8 11. O-O-O Ng6 12. Rdg1 Bd7 13. g5 Nh5 14. Nxe5 Nxe5 15. dxe5 hxg5 16. exd6 Bxd6 17.
Kb1 Nf4 18. Qf3 f6 19. h4 O-O-O 20. hxg5 Rxh1 21. Rxh1 fxg5 22. Rg1 g4 23. Qd1 g5 24. Qe1 Bb4 25. Bd2 Kb8 26. Ne2 Bxd2 27. Qxd2 Be6 28. Qc3 Bc8 29. Nxf4 gxf4 30. e5 Qb6 31. e6 Qxf2 32.
Qe5+ Ka8 33. Qxa5+ Qa7 34. Qxd8 Qxg1+ 35. Ka2 Ka7 36. e7 Qc5 37. Bb3 g3 38. e8=Q g2 39.
Qxc8 g1=Q 40. Qa8+ Kb6 41. Qed8# 1-0

[Event "*** Titled Tuesday Blitz"]
[Site "Chess.com"]
[Date "2018.08.07"]
[Round "3"]
[White "Zhigalko_Sergei"]
[Black "gena217"]
[Result "1-0"]
[WhiteElo "2867"]
[BlackElo "2709"]
[TimeControl "180+2"]
[EndTime "13:33:16 PDT"]
[Termination "Zhigalko_Sergei won by resignation"]

1. e4 c6 2. d4 d5 3. e5 Bf5 4.
Nf3 e6 5. Be2 Ne7 6. c3 Nd7 7.
O-O Nc8 8. Nbd2 Be7 9. Re1 O-O 10. Nf1 f6 11. exf6 Bxf6 12. Ng3 Nd6 13. Bd3 Bg4 14.
Bf4 Nf7 15. Qc2 h6 16. Ne5 Nfxe5 17. dxe5 Bg5 18. Bd2 Bxd2 19. Qxd2 Qh4 20. Re3 Rf4 21. f3 Bh5 22. Ne2 Rf7 23. Nd4 Qe7 24. b4 Rff8 25. Bc2 c5 26. Nb5 a6 27. Nd6 Nxe5 28. Rxe5 1-0

[Event "*** Titled Tuesday Blitz"]
[Site "Chess.com"]
[Date "2018.08.07"]
[Round "3"]
[White "Stormeman100100"]
[Black "CookiesAndIceCream"]
[Result "1-0"]
[WhiteElo "2137"]
[BlackElo "2250"]
[TimeControl "180+2"]
[EndTime "13:33:17 PDT"]
[Termination "Stormeman100100 won by resignation"]

1. e4 e5 2. Nf3 Nc6 3. Bc4 Bc5 4. c3 Nf6 5. d3 d6 6. O-O a6 7. a4 Ba7 8. Na3 Ne7 9. Nc2 O-O 10. Be3 Ng6 11. Bxa7 Rxa7 12. Ne3 a5 13. Qc2 Bg4 14. Nxg4 Nxg4 15. d4 c6 16. Rad1 Qc7 17.
h3 Nf6 18. dxe5 dxe5 19. Rd2 Raa8 20. Rfd1 h6 21. Nh2 Rad8 22. Ng4 Nxg4 23. hxg4 Rxd2 24. Qxd2 Qe7 25. g3 Re8 26. Kg2 Nf8 27. Qd6 Qg5 28.
Qc7 Qxg4 29. Qxf7+ Kh7 30. Qxe8 Qxe4+ 31. Kg1 Qxc4 32.
Qxf8 Qe2 33. Rd8 Qe1+ 34. Kh2 1-0

[Event "*** Titled Tuesday Blitz"]
[Site "Chess.com"]
[Date "2018.08.07"]
[Round "3"]
[White "cool4chess"]
[Black "inegrepus"]
[Result "1-0"]
[WhiteElo "2102"]
[BlackElo "2183"]
[TimeControl "180+2"]
[EndTime "13:33:19 PDT"]
[Termination "cool4chess won by resignation"]

1. e4 e6 2. d4 d5 3. Nc3 dxe4 4. Nxe4 Nd7 5. Nf3 Ngf6 6. Bg5 h6 7.
Bxf6 Nxf6 8. Nxf6+ Qxf6 9. Ne5 Bd6 10. Nc4 Be7 11. c3 O-O 12. Bd3 c5 13. dxc5 Bxc5 14.
O-O e5 15. Qc2 Bg4 16. Nd2 Bb6 17. Nc4 Bc7 18. Ne3 Be6 19. Be4 Rab8 20. Nd5 Bxd5 21. Bxd5 Bb6 22. c4 Bd4 23. Rad1 Rfd8 24. b3 b6 25. Kh1 b5 26. Qe4 bxc4 27. Bxc4 g6 28. f4 Bb2 29. Rxd8+ Rxd8 30. fxe5 Rd4 31. Qe2 Qd8 32. Rxf7 Rxc4 33. Qxc4 Kh8 34. e6 Bg7 35. e7 Qd1+ 36. Rf1 1-0

[Event "*** Titled Tuesday Blitz"]
[Site "Chess.com"]
[Date "2018.08.07"]
[Round "3"]
[White "Mikhail_Golubev"]
[Black "Parhamov"]
[Result "0-1"]
[WhiteElo "2418"]
[BlackElo "2753"]
[TimeControl "180+2"]
[EndTime "13:33:22 PDT"]
[Termination "Parhamov won by resignation"]

1. e4 e5 2. Nf3 Nc6 3. Bb5 a6 4. Ba4 Nf6 5. O-O b5 6. Bb3 Bc5 7. c3 d6 8. d4 Bb6 9. dxe5 dxe5 10.
Qxd8+ Nxd8 11. Nxe5 Bb7 12. Nd2 O-O 13. Ndf3 Nxe4 14.
Be3 Bxe3 15. fxe3 c5 16. Nd7 Re8 17. Rad1 c4 18. Bc2 Ne6 19. Nde5 f6 20. Rd7 N4c5 21. Rxb7 Nxb7 22. Be4 Nec5 23. Bd5+ Kf8 24. Nc6 Rac8 25. Ng5 Rxe3 26. Nd4 Nd6 27. Nge6+ Nxe6 28. Nxe6+ Ke7 29. Nxg7 Re5 30. Bf3 Rcc5 31. g4 f5 32. g5 Ne4 33. Bxe4 fxe4 34. h4 e3 35.
Nh5 e2 36. Re1 Rcd5 37. Kf2 Rd1 38. Rxe2 Rxe2+ 39. Kxe2 Rh1 40. Nf6 Rxh4 41. Nd5+ Kd6 42. Nf6 Rh2+ 43. Ke3 Rxb2 44. Nxh7 Rxa2 45. Kf3 Ke7 46.
g6 b4 47. cxb4 c3 48. g7 Kf7 49. Nf6 Kxg7 0-1

[Event "*** Titled Tuesday Blitz"]
[Site "Chess.com"]
[Date "2018.08.07"]
[Round "3"]
[White "Cocaino74"]
[Black "evgenysharapov"]
[Result "0-1"]
[WhiteElo "2198"]
[BlackElo "2334"]
[TimeControl "180+2"]
[EndTime "13:33:31 PDT"]
[Termination "evgenysharapov won by resignation"]

1. e4 c5 2. Nf3 d6 3. d4 cxd4 4. Nxd4 Nf6 5. Nc3 Nc6 6. f3 e5 7. Nb3 Be7 8. Be3 O-O 9. Qd2 a5 10. a4 Nb4 11. g4 d5 12. exd5 Nfxd5 13. O-O-O Nxe3 14. Qxe3 Bg5 15. f4 Bxf4 16. Qxf4 exf4 17. Rxd8 Rxd8 18. Bg2 Nc6 19. Rf1 Bxg4 20. Rxf4 Be6 21. Nc5 Rab8 22. b3 g5 23. Rf2 Kg7 24. N3e4 h6 25. Ng3 Rd4 26. Be4 Nd8 27. Nh5+ Kf8 28.
Bg6 Ke7 29. Bd3 Rc8 30. Ne4 Rxd3 0-1

[Event "*** Titled Tuesday Blitz"]
[Site "Chess.com"]
[Date "2018.08.07"]
[Round "3"]
[White "albi1999"]
[Black "PulpanJ"]
[Result "0-1"]
[WhiteElo "2389"]
[BlackElo "2524"]
[TimeControl "180+2"]
[EndTime "13:33:32 PDT"]
[Termination "PulpanJ won by resignation"]

1. d4 Nf6 2. c4 e6 3. g3 d5 4.
Nf3 Be7 5. Bg2 O-O 6. O-O dxc4 7.
Qa4 a6 8. Qxc4 b5 9. Qc2 Bb7 10. Bd2 Ra7 11. Rc1 Be4 12. Qb3 Bd5 13. Qe3 Nbd7 14.
Ba5 Nb6 15. Bxb6 cxb6 16. Nc3 Bc6 17. Ne5 Bxg2 18. Kxg2 Rc7 19. Rd1 b4 20. Ne4 Rc2 21.
Qd3 Qc8 22. Nxf6+ Bxf6 23. Qb3 a5 24. Nf3 Rxe2 25. Rac1 Qa6 26. Ng1 Re4 27. Nf3 Qb7 28. Kg1 Re2 29. Kf1 Qa6 30. Kg2 g6 31. Ng1 Re4 32. Qf3 Qb7 33. Re1 Rxe1 34. Qxb7 Rxc1 35.
Qxb6 Rc2 36. d5 Bd8 37. Qb5 exd5 38. Qxd5 Rxb2 39. Nf3 a4 40. Ne5 Bb6 41. Nd7 Rd8 42.
Nf6+ Kg7 43. Nh5+ Kh6 44. Qxf7 Rxf2+ 45. Qxf2 Bxf2 0-1

[Event "*** Titled Tuesday Blitz"]
[Site "Chess.com"]
[Date "2018.08.07"]
[Round "3"]
[White "dereito"]
[Black "sandager"]
[Result "1-0"]
[WhiteElo "2184"]
[BlackElo "2037"]
[TimeControl "180+2"]
[EndTime "13:33:33 PDT"]
[Termination "dereito won by resignation"]

1. d4 Nf6 2. Bf4 g6 3. e3 Bg7 4.
h4 h5 5. Qd2 d5 6. Nc3 Bf5 7.
O-O-O c6 8. f3 b5 9. Nh3 Nbd7 10. Nf2 Nb6 11. e4 Be6 12. e5 Nfd7 13. g4 Nc4 14.
Bxc4 bxc4 15. Rdg1 Rb8 16. Ncd1 Qb6 17. c3 Qa5 18. a3 Nb6 19. Nh3 Na4 20. Ng5 Nxb2 21. Nxb2 Qxa3 22. Kb1 Kd7 23. Nxe6 fxe6 24. Rh2 Rb3 25.
gxh5 Rhb8 26. Rgg2 Rxc3 27. hxg6 Rxf3 28. h5 Rf1+ 29.
Qc1 Qd3+ 30. Ka1 Qb3 31. Qxf1 c3 32. Qa6 cxb2+ 33. Rxb2 Qd1+ 34. Ka2 Qxd4 35. Rxb8 Bxe5 36. Qc8+ Kd6 37. Bxe5+ Kxe5 38. Qh8+ Ke4 1-0

[Event "*** Titled Tuesday Blitz"]
[Site "Chess.com"]
[Date "2018.08.07"]
[Round "3"]
[White "gkchesstiger"]
[Black "AdrianaNikolova"]
[Result "1-0"]
[WhiteElo "2769"]
[BlackElo "2418"]
[TimeControl "180+2"]
[EndTime "13:33:35 PDT"]
[Termination "gkchesstiger won by resignation"]

1. d4 d5 2. Bf4 Nf6 3. e3 c5 4.
Nd2 cxd4 5. exd4 Bg4 6. Ngf3 e6 7. c3 Bd6 8. Bb5+ Nc6 9. Bxd6 Qxd6 10. O-O Ne4 11. Qa4 O-O 12. Nxe4 dxe4 13. Nd2 f5 14.
Nc4 Qc7 15. Bxc6 bxc6 16. Ne5 Rac8 17. Nxg4 fxg4 18. Rae1 Rf4 19. g3 Rf6 20. Rxe4 h5 21. Qc4 Qf7 22. Qe2 c5 23. dxc5 Rxc5 24. c4 Rcf5 25.
b4 Rf3 26. c5 a6 27. c6 Qe7 28. Rc4 Qc7 29. a4 e5 30. Qe4 Qb6 31. Qd5+ Kh7 32. Qc5 Qc7 33. b5 axb5 34. axb5 Rb3 35. Re4 Rf5 36.
Re3 Rb2 37. Re4 g6 38. Rb4 Rxb4 39. Qxb4 Qb6 40. Qe7+ Kg8 41. c7 Rf8 42. Qxe5 Qb7 43. Rc1 Qf3 44. Qe3 Qf5 45. b6 1-0

[Event "*** Titled Tuesday Blitz"]
[Site "Chess.com"]
[Date "2018.08.07"]
[Round "3"]
[White "MITerryble"]
[Black "GMG"]
[Result "1-0"]
[WhiteElo "2771"]
[BlackElo "2746"]
[TimeControl "180+2"]
[EndTime "13:33:39 PDT"]
[Termination "MITerryble won by resignation"]

1. d4 f5 2. Bg5 h6 3. Bh4 g5 4. Bg3 Nf6 5. e3 d6 6. Bc4 e6 7. Ne2 Nc6 8. h4 Rg8 9. hxg5 hxg5 10.
a3 Qe7 11. Nbc3 Bd7 12. d5 exd5 13. Nxd5 Nxd5 14. Qxd5 Rg6 15. O-O-O O-O-O 16. Qf7 Qxf7 17. Bxf7 Rf6 18. Ba2 Bh6 19. Kb1 Rh8 20. Rh2 Rff8 21. Rdh1 Bg7 22. Rh7 Bf6 23. R1h6 Rxh7 24. Rxh7 Rh8 25.
Rxh8+ Bxh8 26. c3 Kd8 27. Nd4 Nxd4 28. exd4 f4 29. Bh2 Bf5+ 30. Kc1 Ke7 31. Bb1 Bxb1 32. Kxb1 Ke6 33. f3 c5 34. dxc5 dxc5 35. Bg1 Kd5 36.
Kc2 b6 37. b3 c4 38. b4 Bf6 39. a4 Bd8 40. b5 Ke6 41. Bd4 Bf6 42. Bf2 Kd5 43.
Kd2 Be7 44. Kc2 Bc5 45. Bxc5 bxc5 46. a5 Kd6 47. Kd2 Kc7 48. Ke2 1-0

[Event "*** Titled Tuesday Blitz"]
[Site "Chess.com"]
[Date "2018.08.07"]
[Round "3"]
[White "Passacaglia23"]
[Black "Rickstereo"]
[Result "1-0"]
[WhiteElo "2263"]
[BlackElo "2119"]
[TimeControl "180+2"]
[EndTime "13:33:40 PDT"]
[Termination "Passacaglia23 won on time"]

1. d4 Nf6 2. c4 c5 3. d5 e6 4. Nc3 d6 5. e4 g6 6. f3 Bg7 7.
Nge2 O-O 8. Ng3 exd5 9. cxd5 a6 10. a4 h5 11. Bg5 Nbd7 12. Be2 Qb6 13. Qd2 Ne5 14.
a5 Qc7 15. O-O b5 16. axb6 Qxb6 17. Rfb1 Rb8 18. Be3 h4 19. Nh1 h3 20. g4 Nfxg4 21. fxg4 Bxg4 22. Nf2 Bxe2 23. Qxe2 f5 24. Rxa6 Qb4 25.
Rf1 fxe4 26. Nfxe4 Rxf1+ 27. Qxf1 Rf8 28. Qxh3 1-0

[Event "*** Titled Tuesday Blitz"]
[Site "Chess.com"]
[Date "2018.08.07"]
[Round "3"]
[White "Gr3egor"]
[Black "djamir"]
[Result "0-1"]
[WhiteElo "2449"]
[BlackElo "2652"]
[TimeControl "180+2"]
[EndTime "13:33:42 PDT"]
[Termination "djamir won by checkmate"]

1. d4 d6 2. e4 e5 3. Nf3 Nd7 4. Bc4 c6 5. a4 Be7 6. Nc3 Ngf6 7. O-O O-O 8. Re1 Qc7 9. Ba2 b6 10. h3 Bb7 11. Bg5 a6 12. Qd2 b5 13. Rad1 b4 14. Nb1 a5 15. c3 c5 16. d5 Nb6 17. b3 Nh5 18. Be3 Nd7 19. c4 Rae8 20. Qc2 Nf4 21. Bxf4 exf4 22. Nbd2 Bf6 23. Bb1 Ne5 24. Nxe5 Bxe5 25.
Nf3 Qe7 26. Re2 Bc8 27. Qd2 Kh8 28. Rf1 Rg8 29. Kh2 g5 30. Nxe5 Qxe5 31. g3 f6 32. gxf4 gxf4 33. f3 Rg3 34. Rg2 Reg8 35. Rxg3 Rxg3 36. Rg1 Rxh3+ 37. Kg2 Qg5+ 38. Kf2 Rh2+ 39. Ke1 Qxg1# 0-1

[Event "*** Titled Tuesday Blitz"]
[Site "Chess.com"]
[Date "2018.08.07"]
[Round "3"]
[White "Slovak_fighter2000"]
[Black "W_Amadeus"]
[Result "1-0"]
[WhiteElo "2401"]
[BlackElo "2574"]
[TimeControl "180+2"]
[EndTime "13:33:50 PDT"]
[Termination "Slovak_fighter2000 won by resignation"]

1. d4 Nf6 2. Bf4 d5 3. Nf3 c5 4. e3 Nc6 5. Nbd2 e6 6. c3 cxd4 7. exd4 Nh5 8. Be3 Bd6 9. g3 O-O 10. Bg2 g6 11. O-O Ng7 12. Bh6 Re8 13. Bxg7 Kxg7 14.
Qe2 b6 15. Ne5 Bb7 16. f4 Rc8 17. Ndf3 Ne7 18. Ng5 Bxe5 19. fxe5 Nf5 20. Nxf7 Kxf7 21. g4 Qg5 22. gxf5 gxf5 23. Kh1 Rg8 24. Rg1 Qh4 25. Bf3 Qf4 26. Qf2 Rg6 27. Qe2 Ba6 28. Qf2 Bd3 29.
Rxg6 hxg6 30. Qg3 Qxg3 31. hxg3 Rh8+ 32. Kg2 g5 33. Rh1 Rxh1 34. Kxh1 g4 35. Bd1 Kg6 36. Kg1 Kg5 37. Kf2 f4 38. Ba4 b5 39. Bd1 f3 40.
b4 Kf5 41. Ke3 Kg5 42. Kxd3 1-0

[Event "*** Titled Tuesday Blitz"]
[Site "Chess.com"]
[Date "2018.08.07"]
[Round "3"]
[White "JSMastropiero"]
[Black "Mbneu"]
[Result "1-0"]
[WhiteElo "2314"]
[BlackElo "2291"]
[TimeControl "180+2"]
[EndTime "13:33:51 PDT"]
[Termination "JSMastropiero won by resignation"]

1. d4 Nf6 2. c4 c5 3. d5 e6 4. Nc3 exd5 5. cxd5 d6 6. e4 g6 7. Nge2 Bg7 8. Ng3 O-O 9. Be2 a6 10. a4 Nbd7 11. O-O Qc7 12. Bf4 Re8 13. Qd2 Ne5 14. Bh6 Bh8 15. f3 c4 16. Rfc1 Bd7 17. Be3 b5 18. axb5 axb5 19. Rxa8 Rxa8 20. b4 h5 21. h3 h4 22. Nf1 Nh5 23. f4 Nd3 24. Bxd3 cxd3 25.
Qxd3 Ra3 26. Nxb5 Rxd3 27. Nxc7 Ng3 28. Bf2 Nxe4 29. Bxh4 Nc3 30. Re1 Nxd5 31. Nxd5 Rxd5 32. Re7 Bb5 33. Ng3 Bc3 34. Ne4 Rd1+ 35. Kh2 Bxb4 36. Rb7 Be1 37. Bf6 Be8 38. Rb8 Kf8 39. Ng5 1-0

[Event "*** Titled Tuesday Blitz"]
[Site "Chess.com"]
[Date "2018.08.07"]
[Round "3"]
[White "Aikiigm"]
[Black "FMchesstrainer"]
[Result "1-0"]
[WhiteElo "2510"]
[BlackElo "2329"]
[TimeControl "180+2"]
[EndTime "13:33:54 PDT"]
[Termination "Aikiigm won by resignation"]

1. d4 g6 2. h4 Bg7 3. h5 c5 4. d5 b5 5. e4 a6 6. a4 b4 7.
Nd2 d6 8. a5 Bd7 9. Nc4 Bb5 10.
Nf3 Nd7 11. Bd3 Qc7 12. Qe2 f6 13. h6 Bf8 14. c3 g5 15. Nh2 Nxh6 16. Qh5+ Nf7 17.
Ng4 Bg7 18. Bd2 bxc3 19. Bxc3 Rb8 20. O-O Kf8 21. Nge3 Nde5 22. Nxe5 dxe5 23. Bxb5 axb5 24. b4 c4 25. Nf5 Nd6 26. Nxd6 exd6 27. a6 Qf7 28. a7 Ra8 29. Qxf7+ Kxf7 30. Ra6 Rhd8 31. Rfa1 Rd7 32. R1a5 Bf8 33. Bd2 Be7 34. Be3 Rb7 35.
Rc6 Ke8 36. Kh2 Kd7 37. Kh3 Bd8 38. Raa6 Be7 39. Kg4 Rc7 40. Kf5 Rb7 41. f3 Rc7 42. Rxc7+ Kxc7 43. Ke6 Kd8 44. Rc6 h5 45. Bb6+ Ke8 46.
Bf2 Kd8 47. Be3 h4 48. Bg1 Bf8 49. Kxf6 Be7+ 50. Ke6 Bf8 51. Bf2 Be7 52. Be3 Ke8 53. Rc7 Bd8 54. Rb7 1-0

[Event "*** Titled Tuesday Blitz"]
[Site "Chess.com"]
[Date "2018.08.07"]
[Round "3"]
[White "chess4life23"]
[Black "norwaytoadog"]
[Result "1-0"]
[WhiteElo "2282"]
[BlackElo "2136"]
[TimeControl "180+2"]
[EndTime "13:33:57 PDT"]
[Termination "chess4life23 won by resignation"]

1. d4 Nf6 2. c4 e6 3. Nf3 Bb4+ 4.
Nbd2 d6 5. a3 Bxd2+ 6. Bxd2 Qe7 7. Bg5 h6 8. Bh4 e5 9. dxe5 dxe5 10. e3 O-O 11. Be2 a5 12. O-O a4 13. Qc2 Nc6 14. Nd2 g5 15. Bg3 Be6 16. Bf3 Bd7 17.
Rfd1 Bg4 18. Bxg4 Nxg4 19. Qf5 Nf6 20. h4 Qd7 21. Qxf6 g4 22. Nf3 Qe8 23. Nxe5 Ra6 24.
Qf4 f5 25. Nxc6 Rxc6 26. Rd5 Qe6 27. Rad1 Rf7 28. Qe5 Qxe5 29. Bxe5 Rxc4 30. Rd8+ Rf8 31. Rxf8+ Kxf8 32. Rd7 Rc2 33. Rxc7 Rxb2 34. Bxb2 1-0

[Event "*** Titled Tuesday Blitz"]
[Site "Chess.com"]
[Date "2018.08.07"]
[Round "3"]
[White "Mimsychess"]
[Black "hypert"]
[Result "0-1"]
[WhiteElo "2278"]
[BlackElo "2342"]
[TimeControl "180+2"]
[EndTime "13:33:58 PDT"]
[Termination "hypert won by resignation"]

1. e4 c5 2. Nf3 Nc6 3. Bb5 e6 4. O-O Nge7 5. Re1 a6 6. Bf1 d5 7.
exd5 Nxd5 8. d4 b5 9. a4 b4 10. c4 bxc3 11. bxc3 cxd4 12. cxd4 Bb4 13. Re4 O-O 14. Bg5 Be7 15. h4 Bb7 16. Nbd2 Nc3 17. Qb3 Nxe4 18. Qxb7 Nxd2 19. Bxd2 Qc8 20. Rb1 Qxb7 21.
Rxb7 Bf6 22. Be3 a5 23. Bb5 Nb4 24. Ne5 Bxh4 25. g3 Bf6 26. Nd7 Rfd8 27. g4 h6 28. Nxf6+ gxf6 29. Bd7 Nc2 30. Bxh6 Nxd4 31. Be3 Nf3+ 32. Kg2 Ne5 33. Bb5 Rdb8 34. Rc7 Rc8 35. Rb7 Nc4 36. Bf4 e5 37. Bg3 Nd6 38. Rb6 Nxb5 39.
Rxb5 Rcb8 40. Rc5 Rb4 41. g5 fxg5 42. Rxe5 f6 43. Re6 Kf7 44. Rc6 Rxa4 45. Bd6 Rg4+ 46. Kf3 Rh4 47. Kg3 Rd4 48. f4 gxf4+ 49. Bxf4 a4 50.
Rc7+ Kg6 51. Rc1 a3 52. Kf3 a2 53. Ra1 Rb4 0-1